 Dungeon Crawl Stone Soup version 0.32-a0-119-g2e8054a333 (webtiles) character file.

Game seed: 16242147793595868022

1099 CrazyBamboolord the Grave Robber (level 8, -3/60 HPs)
             Began as a Mummy Necromancer on Feb 6, 2024.
             Slain by a steam dragon (8 damage)
             ... on level 6 of the Dungeon.
             The game lasted 00:12:57 (6180 turns).

CrazyBamboolord the Grave Robber (MuNe)             Turns: 6180, Time: 00:12:57

Health: -3/60      AC:  4    Str: 11    XL:     8   Next: 10%
Magic:  1/15       EV: 12    Int: 19    God:
Gold:   264        SH:  5    Dex:  7    Spells: 8/16 levels left

rFire   . . .        a - +6 dagger
rCold   + . .        (no shield)
rNeg    + + +        k - +0 animal skin
rPois   ∞            l - +0 helmet
rElec   .            (no cloak)
rCorr   .            (no gloves)
SInv    .            c - +0 pair of boots
Will    ++...        r - amulet "Beqeur" {Reflect rF+ Int+2 Dex-5 SH+5 Stlth+}
Stlth   +++          b - ring of flight
HPRegen 0.30/turn    g - ring of willpower
MPRegen 0.14/turn

%: reflection, faith
@: flying
A: cold resistance 1, negative energy resistance 3, torment resistance 2, heat
vulnerability 1, in touch with death 1, no potions, faith
a: no special abilities


You were on level 6 of the Dungeon.
You visited 1 branch of the dungeon, and saw 6 of its levels.

You collected 264 gold pieces.

Inventory:

Hand Weapons
 a - a +6 dagger (weapon)
Armour
 c - a +0 pair of boots (worn)
 k - a +0 animal skin (worn)
 l - a +0 helmet (worn)
Jewellery
 b - a ring of flight (left hand)
 e - an amulet of regeneration
 g - a ring of willpower (right hand)
 r - the amulet "Beqeur" (around neck) {Reflect rF+ Int+2 Dex-5 SH+5 Stlth+}
   (You found it on level 5 of the Dungeon)

   [amulet of reflection]

   Reflect:   It reflects blocked missile attacks.
   Int+2:     It affects your intelligence (+2).
   Dex-5:     It affects your dexterity (-5).
   rF+:       It protects you from fire.
   SH+5:      It affects your SH (+5).
   Stlth+:    It makes you more stealthy.
Wands
 f - a wand of flame (54)
 o - a wand of charming (11)
 s - a wand of mindburst (11)
Scrolls
 d - a scroll of vulnerability
 h - a scroll of acquirement {unknown}
 i - 4 scrolls of teleportation
 j - 2 scrolls of fog
 m - a scroll of noise {unknown}
 n - a scroll of poison
 p - a scroll of enchant armour {unknown}
 q - 3 scrolls of immolation


   Skills:
 * Level 4.1 Fighting
 * Level 3.2 Short Blades
 + Level 3.2 Dodging
 * Level 4.3 Stealth
 + Level 4.7 Spellcasting
 + Level 5.1 Necromancy


You had 8 spell levels left.
You knew the following spells:

 Your Spells              Type           Power      Damage    Failure   Level
a - Necrotise             Necr           100%       1d9       1%          1
b - Vampiric Draining     Necr           35%        2d8       4%          3
c - Animate Dead          Necr           35%        N/A       16%         4

Your spell library contained the following spells:

 Spells                   Type           Power      Damage    Failure   Level
 Sting                    Conj/Alch      16%        1d4       13%         1
 Summon Small Mammal      Summ           16%        N/A       13%         1
 Lesser Beckoning         Tloc           8%         N/A       19%         2
 Call Canine Familiar     Summ           4%         N/A       36%         3
 Gell's Gravitas          Tloc           4%         N/A       36%         3
 Hailstorm                Conj/Ice       4%         3d5       36%         3
 Summon Ice Beast         Ice/Summ       4%         N/A       36%         3
 Teleport Other           Tloc           4%         N/A       36%         3
 Curse of Agony           Necr           35%        N/A       41%         5
 Summon Blazeheart Golem  Fire/Summ      4%         N/A       77%         4
 Summon Mana Viper        Hex/Summ       4%         N/A       98%         5
 Sculpt Simulacrum        Ice/Alch       2%         N/A       100%        6
 Monstrous Menagerie      Summ           2%         N/A       100%        7
 Ozocubu's Refrigeration  Ice            2%         4d7       100%        7
 Polar Vortex             Ice            2%         N/A       100%        9


Dungeon Overview and Level Annotations

Branches:
Dungeon (6/15)
 Temple: D:4-7

Altars:
Cheibriados
Gozag
Sif Muna
Vehumet

Annotations:
D:5 4 runed translucent doors, Crazy Yiuf; antlorb's ghost, novice DsFi


Innate Abilities, Weirdness & Mutations

You are immune to poison.
Your flesh is cold resistant. (rC+)
You are immune to negative energy. (rN+++)
You are immune to unholy pain and torment.
You are vulnerable to heat. (rF-)
You are in touch with the powers of death.
You do not drink.
You have a special connection with the divine. (Faith)


Message History

Aim: a steam dragon (heavily wounded)
You feel a surge of power!
You draw life force from the steam dragon.
You feel life coursing into your body.
You are engulfed in a cloud of scalding steam.
The steam dragon bites you. The steam dragon barely misses you.
The scorpion stings you. The scorpion stings you. The steam dragon bites you!
* * * LOW HITPOINT WARNING * * *
The steam dragon barely misses you.
Unknown command.
Casting: Vampiric Draining (dangerous; 4% risk of failure)
Confirm with . or Enter, or press ? or * to list all spells.
Aiming: Vampiric Draining (dangerous; 4% risk of failure)
Press: ? - help, Shift-Dir - straight line, f/p - steam dragon
Aim: a steam dragon (heavily wounded)
You feel a surge of power!
You draw life force from the steam dragon!
You feel life coursing into your body. The scorpion stings you.
* * * LOW HITPOINT WARNING * * *
The steam dragon bites you.
* * * LOW HITPOINT WARNING * * *
The steam dragon closely misses you.
Casting: Vampiric Draining (dangerous; 4% risk of failure)
Confirm with . or Enter, or press ? or * to list all spells.
Aiming: Vampiric Draining (dangerous; 4% risk of failure)
Press: ? - help, Shift-Dir - straight line, f/p - steam dragon
Aim: a steam dragon (almost dead)
You feel a surge of power!
You draw life force from the steam dragon.
You feel life coursing into your body. You block the scorpion's attack.
The steam dragon breathes steam at you. The ball of steam hits you.
* * * LOW HITPOINT WARNING * * *
The iguana closely misses you.
Unknown command.
Okay, then.
The steam dragon attacks as it pursues you!
The steam dragon bites you!
You die...

.#.#.#.##.........?.#
....................#
...#.#...............
.....................####
..###..#........#.##....
....####........# ...
.....# #.....$.## ..#
.....###....#..####..##..
.........####.#.@s.......
......... #..#§§D.......
........ #....$l.......
........ #....##.......
........ .....## ....##.
........ .....!# [....#
........ ...... ##.....
........ ...... ##.....
........ ... #.[.##. ##


You could see a steam dragon (catching breath), a scorpion and an iguana.

Vanquished Creatures
  Edmund (D:5)
  A water moccasin (D:2)
  2 ogres
  A phantom (D:5)
  A scorpion (D:5)
  2 bombardier beetles
  2 hounds
  2 jellies
  5 iguanas
  3 orc wizards (D:5)
  Robin (D:3)
  5 adders
  2 gnolls (D:5)
  A shadow imp (D:3)
  A white imp (D:5)
  3 dart slugs
  13 orcs
  5 bats
  6 endoplasms
  16 goblins
  14 hobgoblins
  4 jackals
  3 kobolds
  A quokka (D:3)
  4 ball pythons
  3 frilled lizards
  9 rats
111 creatures vanquished.

Vanquished Creatures (collateral kills)
  2 goblins (D:3)
  A jackal (D:3)
  A rat (D:1)
4 creatures vanquished.

Grand Total: 115 creatures vanquished

Notes
Turn   | Place    | Note
-------+----------+-------------------------------------------
     0 | D:1      | CrazyBamboolord the Mummy Necromancer began the quest for
                  | the Orb.
     0 | D:1      | Reached XP level 1. HP: 13/13 MP: 4/4
   177 | D:1      | Reached XP level 2. HP: 16/19 MP: 0/6
  1269 | D:2      | Reached XP level 3. HP: 22/25 MP: 2/7
  1273 | D:2      | Learned a level 3 spell: Vampiric Draining
  1761 | D:2      | Reached skill level 1 in Fighting
  2050 | D:3      | Noticed Robin
  2168 | D:3      | Noticed a water moccasin
  2190 | D:2      | Killed a water moccasin
  2191 | D:2      | Reached skill level 1 in Short Blades
  2191 | D:2      | Reached XP level 4. HP: 5/33 MP: 0/9
  2191 | D:2      | Reached XP level 5. HP: 6/38 MP: 0/10
  2347 | D:3      | Killed Robin
  2807 | D:3      | Noticed an ogre
  3004 | D:3      | Killed an ogre
  3005 | D:3      | Reached XP level 6. HP: 46/46 MP: 3/11
  3304 | D:3      | Found a faded altar of an unknown god.
  3309 | D:3      | Got Plato's Parchment of Arcane Combat
  3317 | D:3      | Learned a level 4 spell: Animate Dead
  3661 | D:4      | Found a shimmering blue altar of Sif Muna.
  3911 | D:4      | Found a snail-covered altar of Cheibriados.
  4355 | D:4      | Found a radiant altar of Vehumet.
  4452 | D:5      | Entered Level 5 of the Dungeon
  4493 | D:5      | Reached XP level 7. HP: 36/52 MP: 10/13
  4922 | D:5      | Noticed Edmund
  4961 | D:5      | Killed Edmund
  5219 | D:5      | Identified the amulet "Beqeur" {Reflect rF+ Int+2 Dex-5
                  | SH+5 Stlth+}
  5249 | D:5      | Reached skill level 5 in Necromancy
  5433 | D:5      | Found a runed translucent door.
  5434 | D:5      | Noticed Crazy Yiuf
  5623 | D:5      | Found a runed translucent gate.
  5623 | D:5      | Found a runed translucent gate.
  5623 | D:5      | Found a runed translucent gate.
  5625 | D:5      | Found an opulent altar of Gozag.
  5628 | D:5      | Noticed antlorb's ghost (novice DsFi)
  5962 | D:6      | Reached XP level 8. HP: 60/60 MP: 15/15
  5985 | D:6      | Noticed a boulder beetle
  6180 | D:6      | Slain by a steam dragon

Illustrated notes

Levels and vault maps discovered:
D:1:      eino_arrival_cavern_b, layout_loops_ring, nicolae_eternal_life,
          chequers_mini_garden, minmay_misc_feat_doors
D:2:      minmay_wonky_spiral, layout_basic, kennysheep_generic_room_16
D:3:      layout_loops_ring, shapermc_ecumenical_altar_rom_forum,
          minmay_joined_circles, uniq_robin
D:4:      layout_loops_ring, vehumet_altar_wand_db,
          mainiacjoe_overflow_cross_hatched, marbit_many_paths
D:5:      layout_basic, ebering_ghost_gozag, guppyfry_early_lair_pool,
          uniq_crazy_yiuf_cottage, uniq_edmund
D:6:      layout_cave_pools, serial_glass, glass_columns_a, glass_columns_a,
          st_stairs_3, uniq_pikel

Skill      XL: |  1  2  3  4  5  6  7 |
---------------+----------------------+-----
Spellcasting   | 3 4 |  4.7
Stealth        | 2 3 4 |  4.3
Dodging        | 2 3 |  3.2
Fighting       | 1 2 3 4 |  4.1
Short Blades   | 1 2 3 |  3.2
Necromancy     | 5 |  5.1

Action                     |  1- 3 |  4- 6 |  7- 9 || total
---------------------------+-------+-------+-------++-------
  Melee: Unarmed           |     1 |       |       ||     1
         Dagger            |    10 |    30 |    21 ||    61
   Cast: Necrotise         |    68 |    86 |    82 ||   236
         Vampiric Draining |       |       |     4 ||     4
  Evoke: Wand              |       |       |     2 ||     2
    Use: Scroll            |     1 |     4 |     1 ||     6
   Stab: Sleeping          |       |     1 |     3 ||     4
 Armour: Robe              |    26 |     6 |       ||    32
         Animal skin       |       |    31 |    61 ||    92
  Dodge: Dodged            |    17 |    42 |    35 ||    94
  Block: Other             |       |       |    11 ||    11

Table legend: (Time is in decaauts)
 A = Elapsed time spent in this place.
 B = Non-inter-level travel time spent in this place.
 C = Inter-level travel time spent in this place.
 D = Time resting spent in this place.
 E = Time spent auto-exploring this place.
 F = Levels seen in this place.
 G = Mean time per level.
                   A        B        C        D        E       F      G
               +--------+--------+--------+--------+--------+-----+--------+
         Total |   6175 |   5779 |    396 |    710 |   4015 |   6 | 1029.2 |
       Dungeon |   6175 |   5779 |    396 |    710 |   4015 |   6 | 1029.2 |
               +--------+--------+--------+--------+--------+-----+--------+

Top non-repeatable levels by time:
     D:5: 1616 daAuts
     D:2: 1379 daAuts
     D:3: 1250 daAuts
     D:1: 980 daAuts
     D:4: 840 daAuts
     D:6: 108 daAuts
